 Dungeon Crawl Stone Soup version 0.31-a0-1363-g282adc679d (webtiles) character file.

Game seed: 4848278362520538504

7011 IcantSneed the Mimic (level 11, -2/108 HPs)
             Began as an Octopode Shapeshifter on Dec 23, 2023.
             Was an Initiate of Gozag.
             Slain by a centaur warrior simulacrum (7 damage)
             ... on level 11 of the Dungeon.
             The game lasted 00:13:01 (8768 turns).

IcantSneed the Mimic (Octopode Shapeshifter)        Turns: 8768, Time: 00:13:01

Health: -2/108     AC:  1    Str: 18    XL:     11   Next: 8%
Magic:  11/11      EV: 21    Int: 12    God:    Gozag
Gold:   458        SH:  0    Dex: 12    Spells: 10/10 levels left

rFire   . .          .
                       - Unarmed
rCold   . . .        (no shield)
rNeg    . . .        (helmet currently unavailable)
rPois   .            d - amulet of regeneration
rElec   .            g - ring of wizardry
rCorr   .            a - ring of willpower
SInv    .            y - +5 ring of evasion
Will    +....        (no ring) Stlth
                     (no ring)
HPRegen 1.18/turn    (no ring)
MPRegen 0.12/turn    (no ring)
                     (no ring)

%: wizardry (x1)
@: berserking, beast-form, very quick
A: beast (slay +4), almost no armour, amphibious, 8 rings, camouflage 1,
gelatinous body 1, (nimble swimmer 1), tentacles
a: Begin Untransformation, Renounce Religion, Potion Petition, Call Merchant,
Bribe Branch


You were on level 11 of the Dungeon.
You worshipped Gozag.
Gozag was aware of your devotion.
You were a hulking beast.
You visited 2 branches of the dungeon, and saw 12 of its levels.
You also visited: Ossuary and Bailey.

You collected 1226 gold pieces.
You spent 576 gold pieces at shops.
You paid 192 gold pieces to Gozag.

Inventory:

Missiles
 k - 2 throwing nets
Armour
 u - a +2 hat
Jewellery
 a - a ring of willpower (right tentacle)
 d - an amulet of regeneration (around mantle)
 g - a ring of wizardry (left tentacle)
 y - a +5 ring of evasion (on tentacle)
Talismans
 b - a beast talisman
 c - a flux talisman
Wands
 p - a wand of mindburst (13)
 r - a wand of light (9)
 s - a wand of roots (9)
 x - a wand of paralysis (26)
 z - a wand of flame (11)
Scrolls
 h - 6 scrolls of enchant armour
 n - a scroll of silence
 v - 2 scrolls of blinking
 w - a scroll of amnesia
 A - a scroll of teleportation
 B - a scroll of immolation {unknown}
Potions
 e - a potion of mutation
 f - 2 potions of magic
 i - a potion of resistance
 j - 5 potions of curing
 l - a potion of haste
 m - 2 potions of enlightenment
 o - 2 potions of might
 q - 2 potions of attraction


   Skills:
 + Level 5.6 Fighting
 - Level 8.0 Dodging
 - Level 9.4 Unarmed Combat
 - Level 10.1 Shapeshifting


You had 10 spell levels left.
You didn't know any spells.
Your spell library contained the following spells:

 Spells                   Type           Power      Damage    Failure   Level
 Sandblast                Erth           0%         2d4       13%         1
 Sting                    Conj/Alch      0%         1d3       13%         1
 Ensorcelled Hibernation  Hex/Ice        0%         N/A       21%         2
 Mercury Vapours          Alch/Air       0%         N/A       21%         2
 Passwall                 Alch/Erth      0%         N/A       21%         2
 Fugue of the Fallen      Necr           0%         N/A       36%         3
 Stone Arrow              Conj/Erth      0%         3d7       36%         3
 Swiftness                Air            0%         N/A       36%         3
 Anguish                  Hex/Necr       0%         N/A       75%         4
 Brom's Barrelling Bould  Conj/Erth      0%         2d3       75%         4
 Olgreb's Toxic Radiance  Alch           0%         N/A       75%         4
 Borgnjor's Vile Clutch   Necr/Erth      0%         N/A       97%         5
 Death Channel            Necr           0%         N/A       100%        6
 Animate Dead             Necr           Unusable   N/A       N/A         4

Dungeon Overview and Level Annotations

Branches:
Dungeon (11/15)            Temple (1/1) D:7         Ossuary (visited)
 Bailey (visited)
   Lair: D:8-11         Orc: D:9-12

Altars:
Ashenzari
Cheibriados
Dithmenos
Elyvilon
Fedhas
Gozag
Hepliaklqana
Kikubaaqudgha
Makhleb
Nemelex Xobeh
Okawaru
Qazlal
Ru
Sif Muna
Trog
Uskayaw
Vehumet
Wu Jian
Xom
Yredelemnul
Zin
The Shining One

Shops:
D:4 *   D:5 [=   D:6 (   D:9 :   D:10 =

Annotations:
D:1 2 transporters
D:8 Gastronok


Innate Abilities, Weirdness & Mutations

You are a hulking beast.
Your limbs bulge with bestial killing power. (Slay +4)
You cannot wear most types of armour.
You are amphibious.
You can wear up to eight rings at the same time.
Your skin changes colour to match your surroundings (Stealth+).
Your rubbery body absorbs attacks. (AC +1, EV +1)
((You are camouflaged when in or above water. (Stealth+)))
You have tentacles for arms and can constrict up to eight enemies at once.


Message History

The centaur kicks you but does no damage.
You bludgeon the centaur!
The centaur is moderately wounded.
The centaur hits you but does no damage.
The centaur misses you.
You barely miss the centaur. You squeeze the centaur.
The centaur is severely wounded.
The centaur closely misses you. The centaur barely misses you.
You bludgeon the centaur!
You kill the centaur!
No target in view!
You now have 458 gold pieces (gained 11).
You see here a +0 shortbow.
Found 3 large rocks.
A centaur warrior simulacrum comes into view.
A centaur warrior simulacrum is nearby!
Found 16 gold pieces.
You see here 3 large rocks.
Found 4 gold pieces and a scroll labelled ESUBYE ZEUJI.
The centaur warrior simulacrum completely misses you.
The centaur warrior simulacrum kicks you.
The centaur warrior simulacrum freezes you!
The centaur warrior simulacrum hits you.
The centaur warrior simulacrum freezes you!!
The centaur warrior simulacrum completely misses you.
A red film seems to cover your vision as you go berserk!
You feel yourself moving faster!
You feel mighty!
The centaur warrior simulacrum hits you.
The centaur warrior simulacrum freezes you!
* * * LOW HITPOINT WARNING * * *
The centaur warrior simulacrum kicks you.
* * * LOW HITPOINT WARNING * * *
The centaur warrior simulacrum freezes you!!
* * * LOW HITPOINT WARNING * * *
You batter the centaur warrior simulacrum!!
You squeeze the centaur warrior simulacrum.
The centaur warrior simulacrum is almost destroyed.
The centaur warrior simulacrum hits you!
You die...
Your body crumbles into a pile of gold.

.~≈~.~.#.###
?.~.......$#
...........#
..........###
#........$. #........#
#....Z...# #h# #(#
##.# #..# ####.#######
####### #..........#
#...... #..........#
#...... #..........#
#......
#..........#####......


You could see a centaur warrior simulacrum.

Vanquished Creatures
  A two-headed ogre (D:10)
  Pikel (D:5)
  An ugly thing (D:10)
  Maggie (D:10)
  Psyche (D:10)
  A troll (D:10)
  3 wyverns
  A vampire (D:10)
  3 wraiths
  4 yaks (D:10)
  Eustachio (D:5)
  A steam dragon (D:8)
  An orc warrior (D:9)
  A water moccasin (D:7)
  A black bear (D:5)
  An ice beast (D:5)
  2 ogres
  2 centaurs
  A lemure (D:5)
  A kobold brigand (D:9)
  5 bullfrogs
  3 elf skeletons (D:4)
  A scorpion (D:6)
  6 wights
  A killer bee (D:10)
  A howler monkey (D:6)
  A gnoll bouda (D:4)
  10 hounds
  A human zombie (D:4)
  2 jellies (D:5)
  4 orc priests
  2 sleepcaps
  A human skeleton (D:4)
  An iron imp (D:3)
  2 iguanas
  8 orc wizards
  A mummy (Ossuary)
  6 adders
  15 gnolls
  A white imp (D:11)
  A bombardier beetle (D:5)
  3 worms
  4 dart slugs
  31 orcs
  5 endoplasms
  A giant cockroach (D:1)
  12 goblins
  10 hobgoblins
  3 jackals (D:1)
  5 quokkas
  7 ball pythons
  6 bats
  A frilled lizard (D:2)
  3 gnoll skeletons (Ossuary)
  8 kobolds
  7 kobold skeletons (Ossuary)
  16 orc skeletons
  6 rats
230 creatures vanquished.

Notes
Turn   | Place    | Note
-------+----------+-------------------------------------------
     0 | D:1      | IcantSneed the Octopode Shapeshifter began the quest for
                  | the Orb.
     0 | D:1      | Reached XP level 1. HP: 13/13 MP: 1/1
   129 | D:1      | Reached XP level 2. HP: 18/18 MP: 2/2
   555 | D:1      | Reached XP level 3. HP: 23/23 MP: 3/3
  1312 | D:2      | Reached XP level 4. HP: 22/28 MP: 4/4
  1413 | D:2      | Reached skill level 5 in Unarmed Combat
  1493 | D:2      | Reached XP level 5. HP: 21/33 MP: 5/5
  2089 | D:3      | Found a faded altar of an unknown god.
  2201 | D:3      | Reached XP level 6. HP: 22/38 MP: 6/6
  2630 | D:3      | Found a stormy altar of Qazlal.
  2637 | D:3      | Found a blossoming altar of Fedhas.
  2681 | D:3      | Found a snail-covered altar of Cheibriados.
  2987 | D:4      | Reached XP level 7. HP: 43/43 MP: 7/7
  3052 | D:4      | Found a sand-covered staircase.
  3082 | Ossuary  | Entered an ossuary
  3082 | Ossuary  | Noticed a wraith
  3082 | Ossuary  | Noticed a wraith
  3082 | Ossuary  | Noticed a wraith
  3134 | Ossuary  | Noticed a wraith
  3171 | Ossuary  | Killed a wraith
  3172 | Ossuary  | Reached XP level 8. HP: 39/48 MP: 8/8
  3574 | D:4      | Found Raeppale's Gadget Gallery.
  3931 | D:5      | Entered Level 5 of the Dungeon
  3980 | D:5      | Found Wisanu's Jewellery Shop.
  4049 | D:5      | Noticed Pikel
  4053 | D:5      | Noticed Eustachio
  4063 | D:5      | Killed Pikel
  4064 | D:5      | Reached skill level 5 in Shapeshifting
  4068 | D:5      | Reached skill level 6 in Shapeshifting
  4077 | D:5      | Killed Eustachio
  4078 | D:5      | Reached skill level 7 in Shapeshifting
  4078 | D:5      | Reached XP level 9. HP: 31/53 MP: 9/9
  4421 | D:5      | Found Baal's Dragon-Slaying Spoils.
  4485 | D:5      | Found a bloodstained altar of Trog.
  4966 | D:6      | Reached skill level 8 in Shapeshifting
  5105 | D:6      | Found Zebrez's Antique Weapon Shoppe.
  5238 | D:6      | Reached skill level 9 in Shapeshifting
  5617 | D:7      | Found a staircase to the Ecumenical Temple.
  5634 | Temple   | Entered the Ecumenical Temple
  5650 | Temple   | Became a worshipper of Gozag Ym Sagoz the Greedy
  5747 | D:7      | Found a hide-covered altar of Uskayaw.
  6003 | D:7      | Found an ornate altar of the Wu Jian Council.
  6589 | D:8      | Found an ancient bone altar of Kikubaaqudgha.
  6609 | D:8      | Reached skill level 10 in Shapeshifting
  6609 | D:8      | Reached XP level 10. HP: 36/58 MP: 10/10
  6751 | D:8      | Found a shimmering altar of Xom.
  6938 | D:8      | Noticed Gastronok
  7064 | D:9      | Found an iron altar of Okawaru.
  7260 | D:9      | Found Bakkum's Vocational Training.
  7760 | D:10     | Entered Level 10 of the Dungeon
  7787 | D:10     | Reached skill level 5 in Dodging
  7838 | D:10     | Found Xerameut's Jewellery Boutique.
  7843 | D:10     | Bought a +5 ring of evasion for 576 gold pieces
  7858 | D:10     | Noticed Maggie
  7877 | D:10     | Killed Maggie
  8175 | D:10     | Found a flagged portal.
  8184 | Bailey   | Entered a bailey
  8203 | D:10     | Identified the +4 halberd "Uqiz" {holy, *Rage rF++ Dex+4}
  8293 | D:10     | Noticed Psyche
  8299 | D:10     | Killed Psyche
  8299 | D:10     | Noticed a two-headed ogre
  8309 | D:10     | Killed a two-headed ogre
  8599 | D:11     | Noticed a brown ugly thing
  8612 | D:10     | Killed a brown ugly thing
  8613 | D:10     | Reached skill level 5 in Fighting
  8613 | D:10     | Reached XP level 11. HP: 23/71 MP: 11/11
  8767 | D:11     | HP: 5/108 [centaur warrior simulacrum (25)]
  8768 | D:11     | Slain by a centaur warrior simulacrum

Illustrated notes

Levels and vault maps discovered:
D:1:      spicycebolla_arrival_transporter_tutorial, layout_basic,
          hangedman_abyss_or_decor_stabs
D:2:      layout_basic, grunt_ministairs_4
D:3:      layout_loops_ring, grunt_temple_overflow_forces_of_nature,
          slow_altar_2, ebering_ecumenical_altar_sacrificial
D:4:      layout_loops_corners, nicolae_ossuary_entry_catacombs, st_stairs_14,
          grunt_ministairs_12, nicolae_shop_gadgets
D:5:      layout_loops_ring, mainiacjoe_overflow_alcove_2,
          nicolae_shop_dragon_depot, nicolae_take_the_stairs, uniq_pikel,
          uniq_eustachio
D:6:      minmay_general_purpose_star, layout_basic, serial_shops, shop,
          hangedman_abyss_or_decor_stagger, nicolae_the_louvre
D:7:      layout_basic, amcnicky_altar_gilded, nicolae_wu_jian_wuxing_cycle,
          minmay_temple_entry_glass, hex_medium
D:8:      layout_basic, mainiacjoe_overflow_concentric_impassable,
          nicolae_kikubaaqudgha_miasma_corner, uniq_gastronok
D:9:      layout_small_grid, kennysheep_mini, nicolae_shop_vocational
D:10:     layout_irregular_city, serial_shops, nicolae_shop_rolling_square,
          enter_bailey_2, uniq_psyche, uniq_maggie
D:11:     layout_roguey, david_lair_shrubbed, serial_ice, serial_ice_a,
          serial_ice_f, serial_ice_d, serial_ice_e, uniq_grum
Temple:   dshaligram_water_room_temple

Skill      XL: |  1  2  3  4  5  6  7  8  9 10 |
---------------+-------------------------------+-----
Unarmed Combat | 4 5 6 7 9 |  9.4
Shapeshifting  | 7 10 | 10.1
Dodging        | 8 |  8.0
Fighting       | 5 |  5.6

Action                     |  1- 3 |  4- 6 |  7- 9 | 10-12 || total
---------------------------+-------+-------+-------+-------++-------
  Melee: Unarmed           |    73 |   116 |   239 |   141 ||   569
         Constrict         |    16 |    25 |    59 |    17 ||   117
         Tentacles         |    13 |    25 |    53 |    44 ||   135
         Punch             |     1 |     5 |    20 |    13 ||    39
    Use: Scroll            |     2 |     6 |    11 |     2 ||    21
         Potion            |     2 |     1 |     3 |     1 ||     7
   Stab: Sleeping          |     9 |     8 |     4 |     4 ||    25
         Distracted        |       |     1 |       |     2 ||     3
 Armour: Skin              |    25 |    56 |   118 |    58 ||   257
  Dodge: Dodged            |    37 |    70 |   126 |   110 ||   343

Table legend: (Time is in decaauts)
 A = Elapsed time spent in this place.
 B = Non-inter-level travel time spent in this place.
 C = Inter-level travel time spent in this place.
 D = Time resting spent in this place.
 E = Time spent auto-exploring this place.
 F = Levels seen in this place.
 G = Mean time per level.
                   A        B        C        D        E       F      G
               +--------+--------+--------+--------+--------+-----+--------+
         Total |   8732 |   8423 |    309 |    968 |   5448 |  14 |  623.7 |
       Dungeon |   8518 |   8209 |    309 |    949 |   5423 |  11 |  774.4 |
        Temple |     32 |     32 |      0 |      0 |      0 |   1 |   32.0 |
       Ossuary |    166 |    166 |      0 |     19 |     25 |   1 |  166.0 |
        Bailey |     14 |     14 |      0 |      0 |      0 |   1 |   14.0 |
               +--------+--------+--------+--------+--------+-----+--------+

Top non-repeatable levels by time:
     D:2: 1049 daAuts
     D:4: 1009 daAuts
     D:7: 1005 daAuts
     D:3: 970 daAuts
     D:5: 932 daAuts
    D:10: 895 daAuts
     D:9: 822 daAuts
     D:1: 708 daAuts
     D:6: 659 daAuts
     D:8: 366 daAuts
 Ossuary: 166 daAuts
    D:11: 97 daAuts
  Temple: 32 daAuts
  Bailey: 14 daAuts
